 Dungeon Crawl Stone Soup version 0.25.1-2-g60ff931df9 (webtiles) character file.

Game seed: 8071535021389407858

67 Almogavar the Shield-Bearer (level 4, 0/28 HPs)
             Began as a Gargoyle Fighter on Aug 29, 2020.
             Killed from afar by Ijyb (9 damage)
             ... with a puff of flame
             ... on level 2 of the Dungeon.
             The game lasted 00:04:15 (966 turns).

Almogavar the Shield-Bearer (Gargoyle Fighter)       Turns: 966, Time: 00:04:16

Health: 0/28       AC: 11    Str: 20    XL:     4   Next: 16%
Magic:  4/4        EV:  7    Int:  9    God:
Gold:   72         SH:  9    Dex:  9    Spells: 3/3 levels left

rFire    x . .     SeeInvis .   a - +1 flail
rCold    + + .     Gourm    .   c - +0 kite shield
rNeg     + . .     Faith    .   b - +0 scale mail
rPois    ∞         Spirit   .   (no helmet)
rElec    +         Reflect  .   (no cloak)
rCorr    .         Harm     .   (no gloves)
MR       .....                  p - +0 pair of boots
Stlth    ..........             (no amulet)
HPRegen  0.09/turn              q - ring of ice
MPRegen  0.09/turn              s - ring of protection from cold

@: no status effects
A: negative energy resistance 1, electricity resistance, unbreathing,
petrification resistance, rot immunity, AC +3
a: no special abilities


You were on level 2 of the Dungeon.
You were hungry.

You visited 1 branch of the dungeon, and saw 2 of its levels.

You collected 72 gold pieces.

Inventory:

Hand Weapons
 a - a +1 flail (weapon)
Missiles
 h - 5 boomerangs (quivered)
Armour
 b - a +0 scale mail (worn)
 c - a +0 kite shield (worn)
 p - a +0 pair of boots (worn)
Jewellery
 q - a ring of ice (left hand)
 s - a ring of protection from cold (right hand)
Scrolls
 e - a scroll of amnesia {unknown}
 g - 2 scrolls of remove curse {unknown}
 n - a scroll of enchant armour {unknown}
 r - a scroll of identify {unknown}
Potions
 d - a potion of might
 i - a potion of degeneration {unknown}
 j - 2 potions of brilliance {unknown}
 l - a potion of stabbing {unknown}
 m - a potion of flight {unknown}
 o - 2 potions of haste {unknown}
Comestibles
 f - 3 rations
 k - 4 chunks of flesh


   Skills:
 + Level 3.4 Fighting
 + Level 2.9 Maces & Flails
 + Level 3.7 Armour
 + Level 0.8 Dodging
 + Level 4.0 Shields


You had 3 spell levels left.
You didn't know any spells.
Your spell library was empty.

Dungeon Overview and Level Annotations

Branches:
Dungeon (2/15)

Altars:

Annotations:
D:2 Ijyb


Innate Abilities, Weirdness & Mutations

You are resistant to torment.
Your stone body is resilient. (AC +3)
You are immune to poison.
You resist negative energy. (rN+)
You are resistant to electric shocks. (rElec)
You can survive without breathing.
You are immune to petrification.
You are immune to rotting.


Message History

You block Ijyb's attack.
You closely miss the goblin.
The goblin is severely wounded.
The goblin hits you.
* * * LOW HITPOINT WARNING * * *
The goblin hits you but does no damage. x3
You miss the goblin.
The goblin is severely wounded.
You block the goblin's attack. x2; The goblin hits you but does no damage.
Your shield and scale mail prevent you from hitting the goblin.
The goblin is severely wounded.
You block Ijyb's attack. You block the goblin's attack.
The goblin hits you but does no damage. x2; Ijyb zaps a wand.
The puff of flame misses you. The goblin hits you but does no damage.
You barely miss the goblin.
The goblin is severely wounded.
You block the goblin's attack. The goblin hits you but does no damage.
Ijyb screams, "Die!"
Ijyb zaps a wand.
The puff of flame hits you! The fire burns you terribly!
You die...

...........÷......#
.....##..........##
.....##..........#
.....##..........#
.....##.#..####.##
.....##.#..# #..#
...........#
##.#######
.####.#.##.#
#gg(....# ...<#.##.
.. #@gg....# ..#.
#8g....8# ..# .
#†g.....# ..#.
#8.....8# .....
#....!..# #.##.
#8.....8# ..
#.......# # #
#8.....8# #
#..[.:..#


You could see Ijyb and 5 goblins.

Vanquished Creatures
  2 adders (D:2)
  4 worms (D:2)
  A leopard gecko (D:2)
  A bat (D:1)
  2 giant cockroaches
  5 goblins
  4 hobgoblins (D:1)
  3 jackals (D:1)
  8 kobolds
  A ball python (D:2)
  4 rats
35 creatures vanquished.

Notes
Turn   | Place    | Note
-------+----------+-------------------------------------------
     0 | D:1      | Almogavar the Gargoyle Fighter began the quest for the Orb.
     0 | D:1      | Reached XP level 1. HP: 14/14 MP: 1/1
   201 | D:1      | Reached XP level 2. HP: 19/19 MP: 2/2
   532 | D:2      | Reached XP level 3. HP: 15/23 MP: 3/3
   563 | D:2      | Reached skill level 4 in Shields
   879 | D:2      | Reached XP level 4. HP: 26/28 MP: 4/4
   945 | D:2      | Noticed Ijyb
   966 | D:2      | Killed from afar by Ijyb

Illustrated notes

Levels and vault maps discovered:
D:1:      lemuel_arrival_broad_hall, layout_rooms, eino_curves_03
D:2:      kennysheep_the_goblin_king, layout_basic, old_standard_altar,
          kennysheep_jessica_study

Skill      XL: |  1  2  3 |
---------------+----------+-----
Shields        | 4 |  4.0
Fighting       | |  3.4
Maces & Flails | |  2.9
Armour         | |  3.7
Dodging        | |  0.8

Action                   |  1- 3 |  4- 6 || total
-------------------------+-------+-------++-------
Melee: Flail             |   132 |    21 ||   153
  Use: Scroll            |     1 |       ||     1
Armor: Scale mail        |    63 |    36 ||    99
Dodge: Dodged            |    40 |    11 ||    51
Block: Kite shield       |    72 |    30 ||   102
